 Dungeon Crawl Stone Soup version 0.23.2 (webtiles) character file.

Game seed: 3358922842102858667

24271 Marnok the Cruncher (level 12, -8/94 HPs)
             Began as a Demonspawn Gladiator on Apr 6, 2019.
             Was a Priest of Yredelemnul.
             Killed by the air
             ... invoked by a wind drake
              (10 damage)
             ... on level 1 of the Shoals.
             The game lasted 00:59:21 (16108 turns).

Marnok the Cruncher (Demonspawn Gladiator)         Turns: 16108, Time: 00:59:23

Health: -8/94      AC: 35    Str: 20    XL:     12   Next: 79%
Magic:  0/18       EV:  9    Int:  4    God:    Yredelemnul [***...]
Gold:   1143       SH:  2    Dex: 18    Spells: 11/11 levels left

rFire    + + +     SeeInvis +   h - +6 quarterstaff (chaos)
rCold    + . .     Gourm    .   (shield currently unavailable)
rNeg     + + +     Faith    .   y - +10 plate armour "Geified" {rPois MR++ Int-4 SInv}
rPois    +         Spirit   +   c - +1 helmet
rElec    +         Reflect  +   (no cloak)
rCorr    +         Harm     .   (no gloves)
MR       ++...                  (boots unavailable)
Stlth    ..........             u - +2 amulet of reflection
HPRegen  0.25/turn              g - ring of see invisible
MPRegen  0.32/turn              t - ring of Zomob {+Blink rElec rF+ rN+++ Int-3}

@: mighty, about to teleport, resistant, injury mirror, sanguine armour, berserk
cooldown, mesmerised, hasted and slowed, very slow
A: claws 1, hooves 3, fire resistance 1, magic shield, magic regeneration, rot
immunity, sanguine armour 2
a: Recall Undead Slaves, Injury Mirror, Animate Dead, Renounce Religion, Evoke
Blink


You were on level 1 of the Shoals.
You worshipped Yredelemnul.
Yredelemnul was most pleased with you.
You were not hungry.

You visited 3 branches of the dungeon, and saw 18 of its levels.
You also visited: Sewer.

You collected 1543 gold pieces.
You spent 400 gold pieces at shops.

Inventory:

Hand Weapons
 h - a +6 quarterstaff of chaos (weapon)
 Q - a +0 quarterstaff of freezing
Missiles
 D - 3 tomahawks of returning (quivered)
Armour
 b - a +1 leather armour
 c - a +1 helmet (worn)
 e - a scarf of cloud immunity
 j - a +2 cloak
 m - a +0 pair of boots
 y - the +10 plate armour "Geified" (worn) {rPois MR++ Int-4 SInv}
   (You found it on level 6 of the Dungeon)

   It affects your intelligence (-4).
   It protects you from poison.
   It affects your resistance to hostile enchantments.
   It lets you see invisible.
 P - a scarf of repulsion
Magical Staves
 v - an uncursed staff of death
Jewellery
 g - a ring of see invisible (left claw)
 o - an uncursed ring of positive energy
 t - the ring of Zomob (right claw) {+Blink rElec rF+ rN+++ Int-3}
   (You found it on level 4 of the Dungeon)

   [ring of protection from fire]

   It affects your intelligence (-3).
   It protects you from fire.
   It insulates you from electricity.
   It renders you almost immune to negative energy.
   It lets you blink.
 u - a +2 amulet of reflection (around neck)
 x - a +6 ring of strength {unknown}
 G - a +3 ring of intelligence
 I - a cursed ring of attention
 K - a +1 ring of slaying {unknown}
 M - an uncursed ring of ice
 N - a cursed ring of positive energy
 U - an uncursed amulet of faith {unknown}
 V - an uncursed amulet of rage {unknown}
Wands
 n - a wand of enslavement (10)
 E - a wand of iceblast (7)
 F - a wand of acid (21)
 R - a wand of disintegration (14)
Scrolls
 i - 3 scrolls of amnesia
 k - a scroll of noise
 l - 3 scrolls of remove curse
 q - 2 scrolls of fear
 r - 3 scrolls of teleportation
 A - 4 scrolls of random uselessness
 B - a scroll of holy word
 J - a scroll of magic mapping {unknown}
 L - 3 scrolls of identify
 O - 2 scrolls of fog
Potions
 a - 3 potions of brilliance
 d - 5 potions of flight
 s - 3 potions of mutation
 z - a potion of haste
 C - 2 potions of degeneration
 H - 3 potions of agility
Miscellaneous
 W - a fan of gales (inert)
Comestibles
 f - 26 rations


   Skills:
 + Level 8.9 Fighting
 + Level 13.2 Staves
 + Level 2.1 Throwing
 + Level 8.8 Armour
 + Level 4.9 Dodging
 + Level 6.4 Stealth
 + Level 8.2 Invocations


You had 11 spell levels left.
You didn't know any spells.
Your spell library contained the following spells:

 Spells                   Type           Power        Failure   Level  Hunger
 Corona                   Hex            #......      100%        1    ##.....
 Slow                     Hex            #.......     100%        2    ###....
 Inner Flame              Hex/Fire       #.......     100%        3    ####...
 Portal Projectile        Hex/Tloc       #.....       100%        3    ####...
 Cause Fear               Hex            #.........   100%        4    #####..
 Leda's Liquefaction      Hex/Erth       #.........   100%        4    #####..


Dungeon Overview and Level Annotations

Branches:
Dungeon (14/15)            Temple (0/1) D:5            Lair (3/6) D:9
 Shoals (1/4) Lair:3          Orc (0/2) D:11         Vaults (0/5) D:13
  Snake: Lair:2-4    Spider: Lair:2-4

Altars:
Ashenzari
Cheibriados
Dithmenos
Elyvilon
Hepliaklqana
Makhleb
Okawaru
Qazlal
Sif Muna
Uskayaw
Vehumet
Yredelemnul
The Shining One

Shops:
D:9 !   D:13 (

Annotations:
D:6 2 transporters, Lusmu's ghost, novice NaWr
Shoals:1 Kirke; Louise


Innate Abilities, Weirdness & Mutations

You have hooves in place of feet.
When hurt, damage is shared between your health and your magic reserves.
You regenerate magic rapidly.
You are immune to rotting.
When seriously injured, your bleeding wounds create thick armour. (AC +9)
You have sharp fingernails.
Your flesh is heat resistant. (rF+)


Message History

You see here a large rock.
As you read the scroll of teleportation, it crumbles to dust.
You feel strangely unstable.
The pull of its song draws you forwards.
You enter the shallow water.
Moving in this stuff is going to be slow.
The drowned soul touches you. The drowned soul drowns you!
* * * LOW HITPOINT WARNING * * *
The merfolk barely misses you. The wind drake flaps its wings at you.
The air twists around and strikes you! You block the manticore's attack.
The manticore claws you.
* * * LOW HITPOINT WARNING * * *
Yredelemnul mirrors your injury!
The manticore is lightly wounded.
The manticore claws you but does no damage.
The wind drake flaps its wings at you. The air twists around and strikes you!
You die...
Your body rises from the dead as a mindless zombie.

P.....#..≈....m≈h
≈≈P≈≈....≈≈§.≈k≈H≈
≈PC≈≈≈.≈≈≈m≈mEmm≈@
PP≈@≈≈≈≈≈≈≈m≈≈Zmtt
#...≈≈≈≈≈≈≈≈≈≈zc.#
#Y..≈≈≈≈m≈≈≈Z).ZZ#
###.(.k≈≈≈≈≈≈≈≈≈.mc#
#.(m≈≈≈k≈≈≈≈≈≈≈≈≈.z# ≈≈.
#.H@z≈≈≈≈≈≈≈≈≈≈≈≈≈.#
≈≈≈.###..m≈≈m≈≈≈≈≈≈≈≈≈≈≈..
≈≈≈.....≈≈≈≈≈≈≈≈≈≈≈≈≈≈≈≈≈.
≈≈≈≈≈..≈≈≈≈≈≈≈≈≈≈≈≈≈≈≈≈≈≈.
≈≈≈≈≈≈≈≈≈≈≈≈≈≈≈≈≈≈≈≈≈≈≈≈≈.
≈≈≈≈≈≈≈≈≈≈≈≈≈≈≈≈≈≈≈≈≈≈≈≈≈≈
≈≈≈≈≈≈≈≈≈≈≈≈≈≈≈≈≈
≈≈≈≈≈≈≈≈≈≈≈≈≈≈≈≈≈
≈≈≈≈≈≈≈≈≈≈≈≈≈≈≈≈≈


You could see Louise, a merfolk avatar, 2 wind drakes, 2 merfolk, a manticore, a
cyclops, a water nymph, a dream sheep and a flying skull.

Vanquished Creatures
  Fannar (Lair:1)
  2 hydras
  A centaur warrior (D:11)
  2 two-headed ogres (D:12)
  A two-headed ogre (shapeshifter) (Lair:2)
  Sonja (D:13)
  A sea snake (Shoals:1)
  A wizard (D:13)
  An ugly thing (D:11)
  A manticore (D:13)
  A cyclops (D:13)
  2 slime creatures (D:12)
  5 spiny frogs
  A black mamba (Lair:2)
  A komodo dragon (Lair:1)
  A hornet (D:13)
  4 trolls
  5 blink frogs
  4 hippogriffs
  2 spriggans
  5 yaks
  A shadow (D:12)
  2 wyverns
  A wraith (D:11)
  Grum (D:9)
  A vampire mosquito (D:14)
  3 wargs (D:9)
  A water moccasin (Lair:1)
  3 porcupines
  3 ice beasts
  4 orc warriors
  3 sky beasts
  A hornet zombie (D:3)
  2 black bears
  6 ogres
  4 phantoms
  4 wolves (D:9)
  6 centaurs
  6 crocodiles
  3 big kobolds
  A wyvern zombie (D:12)
  7 bullfrogs
  3 scorpions
  10 wights
  3 howler monkeys
  7 crimson imps
  2 centaur zombies
  A bullfrog zombie (D:9)
  A jelly (D:6)
  5 hounds
  2 quasits
  Crazy Yiuf (D:2)
  5 orc priests
  4 orc wizards
  A bullfrog skeleton (D:10)
  A centaur skeleton (D:8)
  4 iguanas
  4 worker ants
  2 howler monkey zombies
  2 worker ant zombies
  8 gnolls
  12 adders
  3 shadow imps
  5 oozes
  An adder skeleton (D:4)
  7 worms
  6 dart slugs
  6 leopard geckos
  28 orcs
  2 ball pythons
  12 giant cockroaches
  7 hobgoblins
  7 jackals
  6 quokkas
  3 bats
  A frilled lizard (D:2)
  5 goblins
  22 kobolds
  A leopard gecko skeleton (D:7)
  14 rats
320 creatures vanquished.

Vanquished Creatures (collateral kills)
  2 manticores
  2 ugly things
  2 fauns (Shoals:1)
  A merfolk siren (Shoals:1)
  2 spiny frogs (Lair:1)
  A komodo dragon (Lair:1)
  A merfolk (Shoals:1)
  2 blink frogs
  A water elemental (Shoals:1)
  A basilisk (Lair:2)
  5 yaks
  A hungry ghost (D:12)
  A water moccasin (Lair:1)
  An ice beast (D:10)
  A big kobold (D:11)
  2 crocodiles (Lair:2)
  2 bullfrogs
  A scorpion (D:10)
  A howler monkey (D:12)
  2 crimson imps
  A jelly (D:12)
  An orc priest (D:9)
  An orc wizard (D:11)
  A worker ant zombie (D:11)
  5 orcs
  A jackal (D:4)
  2 kobolds (D:14)
  4 fungi
  2 plants (Lair:1)
50 creatures vanquished.

Vanquished Creatures (others)
  A sea snake zombie (Shoals:1)
  7 flying skulls
  A faun zombie (Shoals:1)
  A manticore zombie (Shoals:1)
  A merfolk zombie (Shoals:1)
  A manticore skeleton (D:11)
  A hippogriff zombie (D:10)
  2 yak skeletons (D:12)
  2 centaur zombies
  A black bear zombie (D:11)
  A bullfrog skeleton (D:13)
  A black bear skeleton (D:12)
  2 orc wizards
  A big kobold zombie (D:11)
  An ogre zombie (D:11)
  A hound zombie (D:14)
  A mummy (D:11)
  A howler monkey zombie (D:11)
  4 orc zombies
  A kobold zombie (D:14)
  An orc skeleton (D:11)
33 creatures vanquished.

Grand Total: 403 creatures vanquished

Notes
Turn   | Place    | Note
-------+----------+-------------------------------------------
     0 | D:1      | Marnok the Demonspawn Gladiator began the quest for the
                  | Orb.
     0 | D:1      | Reached XP level 1. HP: 16/16 MP: 1/1
    99 | D:1      | Reached skill level 3 in Staves
    99 | D:1      | Gained mutation: When hurt, damage is shared between your
                  | health and your magic reserves. [demonic ancestry]
    99 | D:1      | Reached XP level 2. HP: 16/22 MP: 2/2
   447 | D:1      | Gained mutation: When seriously injured, your bleeding
                  | wounds create armour. (AC +9) [demonic ancestry]
   447 | D:1      | Reached XP level 3. HP: 17/27 MP: 3/3
  1190 | D:2      | Reached XP level 4. HP: 16/34 MP: 2/4
  1480 | D:2      | Reached skill level 1 in Armour
  1817 | D:2      | Found a runed translucent door.
  1818 | D:2      | Noticed Crazy Yiuf
  1830 | D:2      | Killed Crazy Yiuf
  1830 | D:2      | Reached skill level 4 in Staves
  1941 | D:2      | Reached XP level 5. HP: 39/39 MP: 5/5
  1977 | D:2      | Found a radiant altar of Vehumet.
  1979 | D:2      | Found a burning altar of Makhleb.
  2363 | D:3      | Found a hazy altar of Hepliaklqana.
  2876 | D:3      | Reached skill level 1 in Stealth
  2876 | D:3      | Reached XP level 6. HP: 17/47 MP: 1/6
  3123 | D:3      | Noticed a sky beast
  3133 | D:3      | Killed a sky beast
  3133 | D:3      | Reached skill level 5 in Staves
  3761 | D:4      | Gained mutation: You have large cloven feet. [demonic
                  | ancestry]
  3761 | D:4      | Reached XP level 7. HP: 27/52 MP: 3/7
  3937 | D:4      | Found a glowing drain.
  3960 | Sewer    | Entered a sewer
  4049 | Sewer    | Reached skill level 6 in Staves
  4080 | Sewer    | Found a white marble altar of Elyvilon.
  4348 | D:4      | Found a basalt altar of Yredelemnul.
  4350 | D:4      | Noticed a profane servitor
  4355 | D:4      | Became a worshipper of Yredelemnul the Dark
  4364 | D:4      | Found a glowing golden altar of the Shining One.
  4366 | D:4      | Noticed an angel
  4542 | D:4      | Got a warped amber ring
  4543 | D:4      | Identified the ring of Zomob {+Blink rElec rF+ rN+++ Int-3}
                  | (You found it on level 4 of the Dungeon)
  4834 | D:5      | Entered Level 5 of the Dungeon
  5300 | D:5      | Found a staircase to the Ecumenical Temple.
  5398 | D:5      | Gained mutation: When seriously injured, your bleeding
                  | wounds create thick armour. (AC +9) [demonic ancestry]
  5398 | D:5      | Reached XP level 8. HP: 59/60 MP: 8/8
  6137 | D:6      | Found a transporter.
  6137 | D:6      | Noticed Lusmu's ghost (novice NaWr)
  6154 | D:6      | Reached skill level 7 in Staves
  6396 | D:6      | Got a spiked plate armour
  6407 | D:6      | Identified the +10 plate armour "Geified" {rPois MR++ Int-4
                  | SInv} (You found it on level 6 of the Dungeon)
  6453 | D:6      | Found a transporter.
  6668 | D:6      | Reached * piety under Yredelemnul
  6788 | D:6      | Found a hide-covered altar of Uskayaw.
  6938 | D:7      | Reached skill level 5 in Fighting
  6987 | D:7      | Reached skill level 8 in Staves
  6987 | D:7      | Gained mutation: You are immune to rotting. [demonic
                  | ancestry]
  6987 | D:7      | Reached XP level 9. HP: 43/68 MP: 6/9
  7421 | D:7      | Found a deep blue altar of Sif Muna.
  7421 | D:7      | Found a white marble altar of Elyvilon.
  7740 | D:8      | Reached skill level 9 in Staves
  7925 | D:8      | Reached ** piety under Yredelemnul
  8073 | D:8      | Found a snail-covered altar of Cheibriados.
  8526 | D:9      | Found Baecaf's Distillery.
  8528 | D:9      | Found a shadowy altar of Dithmenos.
  8553 | D:9      | Bought 2 potions of flight for 96 gold pieces
  8553 | D:9      | Bought a potion of curing for 48 gold pieces
  8553 | D:9      | Bought a potion of curing for 48 gold pieces
  8553 | D:9      | Bought 2 potions of heal wounds for 160 gold pieces
  8553 | D:9      | Bought a potion of curing for 48 gold pieces
  8560 | D:9      | Found an iron altar of Okawaru.
  8575 | D:9      | Found a shattered altar of Ashenzari.
  8637 | D:9      | Found a stormy altar of Qazlal.
  8637 | D:9      | Noticed Grum
  8646 | D:9      | Killed Grum
  8646 | D:9      | Gained mutation: You have hoof-like feet. [demonic
                  | ancestry]
  8646 | D:9      | Reached XP level 10. HP: 44/77 MP: 7/10
  8729 | D:9      | Reached skill level 10 in Staves
  8855 | D:9      | Reached skill level 5 in Armour
  9063 | D:9      | Found a staircase to the Lair.
  9073 | D:9      | Gained mutation: Your flesh is heat resistant. (rF+)
                  | [potion of mutation]
  9073 | D:9      | Gained mutation: You have sharp fingernails. [potion of
                  | mutation]
  9073 | D:9      | Gained mutation: You have hooves in place of feet. [potion
                  | of mutation]
  9131 | D:9      | Reached *** piety under Yredelemnul
  9829 | D:9      | Reached skill level 1 in Invocations
  9902 | D:10     | Entered Level 10 of the Dungeon
 10412 | D:11     | Received a gift from Yredelemnul (a mummy)
 10507 | D:11     | Noticed a centaur warrior
 10513 | D:11     | Noticed a manticore
 10523 | D:11     | Killed a centaur warrior
 10523 | D:11     | Reached skill level 11 in Staves
 10529 | D:11     | Killed a manticore
 10763 | D:11     | Reached XP level 11. HP: 76/84 MP: 10/13
 10781 | D:11     | Noticed a red ugly thing
 10798 | D:11     | Killed a red ugly thing
 10863 | D:11     | Found a staircase to the Orcish Mines.
 11051 | D:11     | Reached **** piety under Yredelemnul
 11649 | D:11     | Noticed a green ugly thing
 11662 | D:11     | Killed a green ugly thing
 11931 | D:12     | Noticed a two-headed ogre
 11943 | D:12     | Killed a two-headed ogre
 12384 | D:12     | Noticed a white ugly thing
 12390 | D:12     | Reached skill level 5 in Stealth
 12401 | D:12     | Killed a white ugly thing
 12401 | D:12     | Reached skill level 12 in Staves
 12621 | D:12     | Noticed a two-headed ogre
 12631 | D:12     | Killed a two-headed ogre
 13191 | D:13     | Noticed a wizard
 13208 | D:13     | Killed a wizard
 13217 | D:13     | Found a gate to the Vaults.
 13237 | D:13     | Found Tola Kugg's Antique Weapon Boutique.
 13450 | D:13     | You fall through a shaft!
 13496 | D:14     | Noticed a green ugly thing
 13496 | D:14     | Noticed a green ugly thing
 13497 | D:14     | Noticed a green ugly thing
 13497 | D:14     | Noticed a green ugly thing
 13498 | D:14     | Noticed a green ugly thing
 13521 | D:14     | Noticed a green ugly thing
 13521 | D:14     | Noticed a green ugly thing
 13522 | D:14     | Noticed a green ugly thing
 13522 | D:14     | Noticed a green ugly thing
 13523 | D:14     | Noticed a green ugly thing
 13523 | D:14     | Noticed a deep elf mage
 13526 | D:14     | Noticed a green ugly thing
 13529 | D:14     | Noticed a tengu warrior
 13807 | D:13     | Noticed Sonja
 13821 | D:13     | Killed Sonja
 13821 | D:13     | Reached skill level 5 in Invocations
 13866 | D:13     | Noticed a five-headed hydra
 13875 | D:13     | Killed a five-headed hydra
 13903 | D:13     | Gained mutation: You regenerate magic rapidly. [demonic
                  | ancestry]
 13903 | D:13     | Reached XP level 12. HP: 79/94 MP: 11/15
 14417 | Lair:1   | Entered Level 1 of the Lair of Beasts
 14445 | Lair:1   | Received a gift from Yredelemnul (5 flying skulls)
 14521 | Lair:1   | Noticed a five-headed hydra
 14529 | Lair:1   | Killed a five-headed hydra
 14608 | Lair:1   | Noticed Fannar
 14629 | Lair:1   | Killed Fannar
 15160 | Lair:2   | Noticed a two-headed ogre
 15160 | Lair:2   | a glowing shapeshifter changed into a two-headed ogre
 15162 | Lair:2   | Killed a two-headed ogre
 15162 | Lair:2   | Reached skill level 13 in Staves
 16033 | Lair:3   | Found a staircase to the Shoals.
 16042 | Shoals:1 | Entered Level 1 of the Shoals
 16078 | Shoals:1 | Received a gift from Yredelemnul (5 flying skulls)
 16080 | Shoals:1 | Noticed a merfolk avatar
 16081 | Shoals:1 | Noticed a merfolk aquamancer
 16085 | Shoals:1 | Noticed a merfolk avatar
 16087 | Shoals:1 | Identified the +9 large shield "Nued Loi" {rPois Str+4}
 16087 | Shoals:1 | Noticed Louise
 16088 | Shoals:1 | Noticed Kirke
 16108 | Shoals:1 | HP: 3/94 [drowned by a drowned soul[a merfolk avatar] (9)]
 16108 | Shoals:1 | Killed from afar by a wind drake

Skill      XL: |  1  2  3  4  5  6  7  8  9 10 11 12 |
---------------+-------------------------------------+-----
Staves         | 3 4 5 6 8 9 11 12 13 | 13.2
Dodging        | 3 4 |  4.9
Armour         | 1 2 3 4 6 7 8 |  8.8
Fighting       | 3 4 5 6 7 8 |  8.9
Stealth        | 1 2 3 4 5 6 |  6.4
Throwing       | 2 |  2.1
Invocations    | 3 5 8 |  8.2

Action                   |  1- 3 |  4- 6 |  7- 9 | 10-12 || total
-------------------------+-------+-------+-------+-------++-------
Melee: Quarterstaff      |   118 |   160 |   445 |   542 ||  1265
       Kick              |       |       |       |   165 ||   165
Throw: Throwing net      |       |       |     3 |       ||     3
       Tomahawk          |       |       |       |     2 ||     2
Invok: Animate Dead      |       |       |       |    42 ||    42
       Injury Mirror     |       |       |       |     1 ||     1
Evoke: Fan of gales      |       |       |       |     1 ||     1
  Use: Potion            |     4 |     2 |     1 |    21 ||    28
       Scroll            |     5 |     3 |     1 |    18 ||    27
 Stab: Sleeping          |     1 |     3 |     6 |       ||    10
       Paralysed         |       |       |       |     9 ||     9
       Confused          |       |       |       |     4 ||     4
       Distracted        |       |       |       |     4 ||     4
       Petrifying        |       |       |       |     1 ||     1
  Eat: Chunk             |     1 |     8 |    13 |    27 ||    49
       Ration            |       |       |     1 |     4 ||     5
Armor: Leather armour    |    63 |    44 |    58 |       ||   165
       Skin              |       |     1 |       |    32 ||    33
       Plate armour      |       |       |   227 |   352 ||   579
Dodge: Dodged            |   160 |   121 |   193 |   164 ||   638
Block: Other             |       |       |       |    17 ||    17
       Reflection        |       |       |       |     1 ||     1
